 Dungeon Crawl Stone Soup version 0.23.1 (webtiles) character file.

Game seed: 0

1556 Fang the Skirmisher (level 8, -3/52 HPs)
             Began as a Gargoyle Berserker on Mar 13, 2019.
             Was a Priest of Trog.
             Slain by an ogre
             ... wielding a +0 giant club
              (22 damage)
             ... on level 7 of the Dungeon on Mar 14, 2019.
             The game lasted 00:09:14 (6343 turns).

Fang the Skirmisher (Gargoyle Berserker)            Turns: 6343, Time: 00:09:15

Health: -3/52      AC: 16    Str: 22    XL:     8   Next: 88%
Magic:  8/8        EV:  9    Int:  9    God:    Trog [***...]
Gold:   326        SH:  0    Dex:  9    Spells: 7/7 levels left

rFire    . . .     SeeInvis .   a - +0 hand axe
rCold    . . .     Gourm    +   (no shield)
rNeg     + . .     Faith    .   l - +0 chain mail
rPois    ∞         Spirit   .   (no helmet)
rElec    +         Reflect  .   (no cloak)
rCorr    .         Harm     .   (no gloves)
MR       .....                  (no boots)
Stlth    ..........             h - amulet of the gourmand
HPRegen  0.17/turn              s - +1 ring of protection
MPRegen  0.11/turn              x - ring of flight

@: lightly drained
A: negative energy resistance 1, electricity resistance, unbreathing,
petrification resistance, rot immunity, AC +5
a: Berserk, Trog's Hand, Renounce Religion, Evoke Flight


You were on level 7 of the Dungeon.
You worshipped Trog.
Trog was most pleased with you.
You were completely stuffed.

You visited 2 branches of the dungeon, and saw 8 of its levels.

You collected 326 gold pieces.

Inventory:

Hand Weapons
 a - a +0 hand axe (weapon)
Armour
 l - a +0 chain mail (worn)
Jewellery
 h - an amulet of the gourmand (around neck)
 s - a +1 ring of protection (left hand)
 w - an uncursed ring of fire
 x - a ring of flight (right hand)
 A - an uncursed amulet of harm
Wands
 y - a wand of disintegration (10)
 D - a wand of paralysis (8)
Scrolls
 b - a scroll of acquirement {unknown}
 d - 3 scrolls of enchant armour {unknown}
 e - 8 scrolls of identify {unknown}
 g - 3 scrolls of teleportation {unknown}
 i - 4 scrolls of remove curse {unknown}
 j - 2 scrolls of noise {unknown}
 p - a scroll of random uselessness {unknown}
 r - a scroll of enchant weapon {unknown}
 t - 3 scrolls of fear {unknown}
 z - a scroll of immolation {unknown}
 E - a scroll of vulnerability {unknown}
Potions
 f - 7 potions of curing {unknown}
 k - a potion of lignification {unknown}
 m - a potion of berserk rage {unknown}
 n - a potion of haste {unknown}
 o - a potion of mutation {unknown}
 q - a potion of agility {unknown}
 u - a potion of flight {unknown}
 v - 3 potions of degeneration {unknown}
 B - a potion of resistance {unknown}
 C - a potion of invisibility {unknown}
Comestibles
 c - 14 rations
 F - 6 chunks of flesh


   Skills:
 + Level 6.8(6.7) Fighting
 + Level 5.6(5.5) Axes
 + Level 6.2 Armour
 + Level 4.7(4.6) Dodging


You had 7 spell levels left.
You didn't know any spells.
Your spell library was empty.

Dungeon Overview and Level Annotations

Branches:
Dungeon (7/15)             Temple (1/1) D:5

Altars:
Cheibriados
Gozag
Kikubaaqudgha
Wu Jian
Xom

Shops:
D:2 *


Innate Abilities, Weirdness & Mutations

You are resistant to torment.
Your stone body is resilient. (AC +5)
You are immune to poison.
You resist negative energy. (rN+)
You are resistant to electric shocks. (rElec)
You can survive without breathing.
You are immune to petrification.
You are immune to rotting.


Message History

A killer bee comes into view.
You completely miss the ogre.
The ogre is moderately wounded.
The killer bee buzzes angrily.
A killer bee comes into view.
The ogre hits you with a +0 giant club.
You are too injured to fight recklessly!
You are too injured to fight recklessly!
You are too injured to fight recklessly!
You are too injured to fight recklessly!
You are too injured to fight recklessly!
You are too injured to fight recklessly!
You are too injured to fight recklessly!
You are too injured to fight recklessly!
You are too injured to fight recklessly!
You are too injured to fight recklessly!
The ogre hits you with a +0 giant club!
There is a stone staircase leading up here.
The ogre hits you with a +0 giant club!!
You die...

#######
#@O.oy#
#####y#
#.# #y#
#yy.ys..#
###.....#
......
.)...
.....


You could see an ogre, 2 killer bees and an orc.

Vanquished Creatures
  A phantom (D:4)
  A sky beast (D:6)
  3 ogres
  2 centaurs
  A bullfrog (D:6)
  A scorpion (D:6)
  A howler monkey (D:4)
  2 crimson imps
  A bullfrog zombie (D:5)
  2 jellies (D:5)
  Crazy Yiuf (D:2)
  3 orc priests
  2 hounds
  Jessica (D:2)
  2 iguanas
  6 worker ants
  A hound skeleton (D:6)
  A worker ant zombie (D:6)
  3 gnolls (D:2)
  7 adders
  An adder skeleton (D:4)
  2 adder zombies
  A worm (D:3)
  3 dart slugs
  3 leopard geckos
  12 orcs
  7 giant cockroaches
  12 goblins
  10 hobgoblins
  11 jackals
  5 quokkas
  2 ball pythons
  7 bats
  5 frilled lizards
  7 kobolds
  A quokka skeleton (D:6)
  6 rats
137 creatures vanquished.

Notes
Turn   | Place    | Note
-------+----------+-------------------------------------------
     0 | D:1      | Fang the Gargoyle Berserker began the quest for the Orb.
     0 | D:1      | Reached XP level 1. HP: 14/14 MP: 1/1
   133 | D:1      | Reached XP level 2. HP: 19/19 MP: 2/2
   334 | D:1      | Reached XP level 3. HP: 14/23 MP: 3/3
   784 | D:2      | Reached ** piety under Trog
   791 | D:2      | Found Gozag's Platinum Reserve.
   793 | D:2      | Found an opulent altar of Gozag.
   904 | D:2      | Reached XP level 4. HP: 19/29 MP: 4/4
  1451 | D:2      | Noticed Jessica
  1456 | D:2      | Killed Jessica
  1456 | D:2      | Reached XP level 5. HP: 28/33 MP: 5/5
  1481 | D:2      | Found a runed translucent door.
  1482 | D:2      | Noticed Crazy Yiuf
  1923 | D:2      | Killed Crazy Yiuf
  2750 | D:3      | Reached *** piety under Trog
  2964 | D:4      | Reached XP level 6. HP: 10/39 MP: 6/6
  3425 | D:4      | Found a snail-covered altar of Cheibriados.
  3527 | D:4      | Reached skill level 5 in Fighting
  3571 | D:4      | Found a shimmering altar of Xom.
  3717 | D:4      | Noticed a phantom
  3730 | D:4      | Reached XP level 7. HP: 36/44 MP: 7/7
  4127 | D:4      | Reached skill level 5 in Armour
  4227 | D:5      | Entered Level 5 of the Dungeon
  4286 | D:5      | Reached XP level 8. HP: 29/51 MP: 8/8
  4306 | D:5      | Found a staircase to the Ecumenical Temple.
  4334 | Temple   | Entered the Ecumenical Temple
  4777 | D:5      | Reached skill level 5 in Axes
  5341 | D:6      | Found an ancient bone altar of Kikubaaqudgha.
  6166 | D:6      | Found an ornate altar of the Wu Jian Council.
  6343 | D:7      | Slain by an ogre

Skill      XL: |  1  2  3  4  5  6  7  8 |
---------------+-------------------------+-----
Axes           | 3 4 5 |  5.6
Dodging        | 2 3 4 |  4.7
Armour         | 3 4 5 6 |  6.2
Fighting       | 4 5 6 |  6.8

Action                   |  1- 3 |  4- 6 |  7- 9 || total
-------------------------+-------+-------+-------++-------
Melee: Hand axe          |    94 |   271 |   288 ||   653
Invok: Berserk           |     1 |     3 |     1 ||     5
       Trog's Hand       |       |       |     2 ||     2
 Stab: Sleeping          |     2 |       |       ||     2
  Eat: Chunk             |    14 |    13 |    12 ||    39
Armor: Animal skin       |    33 |    69 |       ||   102
       Chain mail        |       |    79 |   194 ||   273
Dodge: Dodged            |    83 |   180 |   153 ||   416
